Cogmind - Beta 16 @@@ ROGUE MODE // 2025.12.30 @ 20:58:20 Player: telemetry Result: Destroyed by Y-54 Guardian with Flak Gun Performance ------------- Evolutions (4) 2000 Regions Visited (5) 1000 Robots Destroyed (74) 370 Value Destroyed (2563) 2563 Prototype IDs (5) 100 Alien Tech Used (0) 0 Bonus (1003) 1003 TOTAL SCORE: 7036 Bonus ------- Follower Combat Kills 225 Registered with UFD 300 Met Optimus in HQ 500 Friendly Fire -22 Cogmind --------- Core Integrity 0/850 Matter 300/300 Energy 99/100 System Corruption 9% Temperature Cool (42) Movement Core (50) Location -6/Extension Parts ------- > --- POWER (2) -------- (None) > --- PROPULSION (5) --- (None) > --- UTILITY (6) ------ (None) > --- WEAPON (2) ------- (None) > --- INVENTORY (5) ---- Medium Storage Unit Improved Targeting Computer Hardlight Generator Multitool Phasing Sabre Peak State ------------ > --- POWER ------------ Angular Momentum Engine Fission Core > --- PROPULSION ------- Medium Treads Improved Medium Treads Overtuned Medium Treads Armored Huge Wheel > --- UTILITY ---------- Scrap Suit Advanced Heat Sink Large Storage Unit Improved Particle Charger Thermal Shield > --- WEAPON ----------- Overtuned Beamcaster Heavy Plasma Cannon > --- INVENTORY -------- Improved Thermal Generator Medium Storage Unit Medium Matter Pod Improved Sensor Array Cloaking Device Hardened Medium Armor Plating Force Field Force Field Overtuned Pulse Rifle Phase Cannon Phase Cannon Phase Cannon Phase Cannon Improved Proton Missile Launcher Multitool [Rating: 73] Favorites ----------- Power Light Ion Engine Engine Light Ion Engine Power Core Fission Core Propulsion Improved Medium Treads Treads Improved Medium Treads Leg Carbon-fiber Leg Wheel Armored Huge Wheel Hover Unit Gravmag System Flight Unit Makeshift Flight Unit Utility Large Storage Unit Device Sensor Array Storage Large Storage Unit Processor Signal Interpreter Protection Hardened Medium Armor Plating Weapon Barrage Gun Energy Gun Overtuned Beamcaster Energy Cannon Heavy Plasma Cannon Ballistic Gun Barrage Gun Launcher Grenade Launcher Special Weapon Junk Cannon Build | -11 -10 -10 -9 -6 -6 ------- Run | Yrd Mat Sub Scr Fac Ext Slots Evolved 8 | . . . . 8 . Power 1 | . . . . 1 . Propulsion 3 | . . . . 3 . Utility 4 | . . . . 4 . Weapon . | . . . . . . Parts Attached 82 | 7 8 6 13 32 16 Power 14 | 1 1 2 1 5 4 Engine 10 | 1 1 2 1 3 2 Core 4 | . . . . 2 2 Reactor . | . . . . . . Propulsion 21 | 2 . 1 4 8 6 Treads 11 | 2 . . 3 2 4 Leg 7 | . . . 1 4 2 Wheel 1 | . . . . 1 . Hover 1 | . . . . 1 . Flight 1 | . . 1 . . . Utility 24 | 1 4 . 2 13 4 Device 16 | . 1 . 1 10 4 Storage 4 | 1 3 . . . . Processor 2 | . . . 1 1 . Hackware . | . . . . . . Protection 2 | . . . . 2 . Artifact . | . . . . . . Weapon 23 | 3 3 3 6 6 2 Energy Gun 10 | 3 2 1 3 1 . Energy Cannon 3 | . . . . 2 1 Ballistic Gun 6 | . . 2 1 3 . Ballistic Cannon . | . . . . . . Launcher 3 | . 1 . 1 . 1 Special Weapon 1 | . . . 1 . . Impact Weapon . | . . . . . . Slashing Weapon . | . . . . . . Piercing Weapon . | . . . . . . Special Melee Weapon . | . . . . . . Unidentified Prototypes 5 | . . . 1 4 . Parts Lost 28 | . 2 5 . 8 13 Power 6 | . . 1 . 1 4 Propulsion 8 | . . 1 . 3 4 Utility 6 | . . . . 2 4 Weapon 8 | . 2 3 . 2 1 Highest Loss Streak 5 | . 1 3 . 2 5 To Critical Strikes . | . . . . . . Average Backups 11 | . 4 6 13 12 12 Power . | . . . . . . Propulsion . | . . . 1 . . Utility 6 | . 2 5 7 6 7 Weapon 3 | . 2 . 3 4 3 Tool/Special . | . . . . . . Unused Backups 18 | . 1 . 5 4 8 Power . | . . . . . . Propulsion 1 | . . . . . 1 Utility 13 | . 1 . 5 2 5 Weapon 3 | . . . . 2 1 Tool/Special 1 | . . . . . 1 Average Slot Usage (%) 93 | . 96 83 99 85 94 Engine 10 | . 13 10 14 4 6 Core 2 | . . . . 6 3 Treads 19 | . 27 17 20 15 16 Leg 5 | . . . 6 3 13 Device 13 | . 12 14 8 18 25 Storage 11 | . 14 14 14 6 6 Processor 3 | . . . 5 3 6 Protection 1 | . . . . 5 . Energy Gun 8 | . 27 10 7 4 2 Energy Cannon 1 | . . . . 4 8 Ballistic Gun 10 | . . 4 20 3 . Launcher 1 | . . 11 . . . Peak Build Rating 73 | 6 7 16 30 73 67 Average Rating 32 | 4 6 7 21 60 60 On Entrance 19 | . 6 7 16 27 61 Avg Prop Armor Cover (%) 7 | . . . 7 7 7 Naked Turns 1 | . . . . . 1 Heaviest Build 90 | 14 90 33 38 80 65 Greatest Support 100 | 40 40 40 55 83 100 Greatest Overweight (x) 8 | . 2 1 1 8 1 Average Overweight (x) . | . . . . . . Largest Inventory Capacity 25 | 8 25 15 15 15 15 Average Capacity 14 | 7 13 15 15 15 14 Most Carried 15 | 1 7 14 15 15 15 Average Carried 11 | . 4 7 13 12 12 Final Capacity 15 | 8 15 15 15 15 5 Final Carried 15 | 1 7 12 14 15 5 Scrap Suit Usage (%) 9 | . . . . 39 . Parts Cannibalized 5 | . . . . 5 . Class Distribution -------------------- 81% | Mutant 16% | Scavenger-Mutant Dominant Class ---------------- Mutant | -10/Materials Mutant | -10/Subcaves Mutant | -9/Scraptown Mutant | -6/Factory Scavenger-Mutant | -6/Extension Resources | -11 -10 -10 -9 -6 -6 ----------- Run | Yrd Mat Sub Scr Fac Ext Matter Collected 2005 | 91 424 185 170 862 273 Remotely . | . . . . . . Salvage Created 3241 | . 864 117 . 1696 564 Parts 149 | . 52 11 . 71 15 Haulers Intercepted 2 | . . . . 2 . Recyclers Shooed 4 | . 1 . . 1 2 Parts Field Recycled . | . . . . . . Retrieved Matter . | . . . . . . Parts Self-Destructed 6 | . . 6 . . . Prevented . | . . . . . . Parts Restored 2 | . . . . 2 . Broken 2 | . . . . 2 . Kills | -11 -10 -10 -9 -6 -6 ------- Run | Yrd Mat Sub Scr Fac Ext Combat Hostiles Destroyed 56 | . 15 8 . 24 9 Guns 24 | . 11 2 . 11 . Cannons 16 | . . . . 9 7 AOE 10 | . 3 6 . . 1 Classes Destroyed 14 | . 7 1 . 6 . Worker 1 | . 1 . . . . Builder 6 | . 1 . . 5 . Tunneler 1 | . . . . 1 . Hauler 2 | . . . . 2 . Recycler 2 | . 1 . . 1 . Operator 2 | . 1 . . 1 . Watcher 4 | . 3 . . 1 . Swarmer 11 | . 2 4 . 5 . Grunt 31 | . 13 . . 12 6 Brawler 2 | . . . . 1 1 Sentry 4 | . . . . 2 2 Hunter 1 | . . . . 1 . Programmer 3 | . . . . 3 . Subdweller 4 | . . 4 . . . Best Kill Streak 8 | . 8 4 . 6 4 Combat Bots Only 8 | . 8 4 . 5 4 Max Kills in Single Turn 2 | . 2 2 . 2 1 Gunslinging . | . . . . . . Exploded 2 | . 2 2 . . 1 Melee . | . . . . . . Uniques/NPCs Destroyed . | . . . . . . Combat | -11 -10 -10 -9 -6 -6 -------- Run | Yrd Mat Sub Scr Fac Ext Hostile Shots Fired 607 | . 50 56 . 263 238 Missed 188 | . 16 20 . 59 93 Hits 419 | . 34 36 . 204 145 Melee 2 | . . . . 2 . Projectile 417 | . 34 36 . 202 145 Critical Strikes 15 | . 1 . . 11 3 Part Disruptions 1 | . . . . 1 . Damage Taken 5465 | . 444 386 . 2535 2100 Core 973 | . 43 80 . 319 531 Absorbed by Shields 464 | . . . . 254 210 Ignored by Resistances 628 | . . . . 372 256 Regen/Repaired (Parts) 599 | . 86 . . 513 . Core Remaining (%) 75 | 100 . . 50 . . Volleys Fired 255 | . 60 23 . 122 50 Largest 2 | . 2 2 . 2 2 Hottest 190 | . 80 80 . 190 170 Shots Fired 398 | . 105 25 . 212 56 Gun 239 | . 103 12 . 120 4 Cannon 141 | . . . . 92 49 Launcher 18 | . 2 13 . . 3 Special . | . . . . . . Kinetic 61 | . . . . 61 . Thermal 204 | . . . . 151 53 Explosive 15 | . 2 13 . . . Electromagnetic 118 | . 103 12 . . 3 Robot Hit Streak 14 | . 14 6 . 13 13 Robot Miss Streak 4 | . 4 3 . 4 2 Penetration Max 1 | . . . . 1 . Secondary Targets 2 | . 1 . . 1 . Max Gunslinging Chain 1 | . 1 . . 1 . Shots Hit Robots 272 | . 65 12 . 149 46 Core Hits 117 | . 31 11 . 58 17 Critical Kills 4 | . . . . 3 1 Critical Parts Destroyed 3 | . . . . 3 . Critical Strikes 18 | . 1 . . 15 2 Burn 10 | . . . . 9 1 Meltdown 3 | . . . . 2 1 Destroy 4 | . . . . 4 . Corrupt 1 | . 1 . . . . Melee Attacks . | . . . . . . Impact . | . . . . . . Slashing . | . . . . . . Piercing . | . . . . . . Sneak Attacks . | . . . . . . Combat Hostiles . | . . . . . . Follow-up Attacks . | . . . . . . Damage Inflicted 7865 | . 1094 657 . 4429 1685 Guns 2965 | . 873 84 . 1912 96 Cannons 3862 | . . . . 2407 1455 Explosions 959 | . 221 573 . 70 95 Melee . | . . . . . . Ramming 79 | . . . . 40 39 Kinetic 884 | . . . . 884 . Thermal 5238 | . 137 90 . 3460 1551 Explosive 567 | . 84 483 . . . Electromagnetic 1097 | . 873 84 . 45 95 Impact . | . . . . . . Slashing . | . . . . . . Piercing . | . . . . . . Highest Corruption 9 | . . . . 7 9 Average Corruption 5 | . . . . 4 7 Corruption Purged . | . . . . . . Corruption Blocked . | . . . . . . Effects 78 | . . . . 36 42 Message Errors 18 | . . . . 8 10 Matter Fused 12 | . . . . 4 8 Heat Flow Errors 10 | . . . . 7 3 Energy Discharges 16 | . . . . 5 11 Parts Rejected 3 | . . . . 2 1 Parts Fused 1 | . . . . 1 . Data Loss (minor) 10 | . . . . 5 5 Data Loss (major) 2 | . . . . 1 1 Misfires 5 | . . . . 2 3 Weapon Failures 1 | . . . . 1 . Overload Shots . | . . . . . . Overflow Damage 80 | . 19 26 . 35 . Projectiles 35 | . . . . 35 . Explosions 45 | . 19 26 . . . Melee . | . . . . . . Knockbacks . | . . . . . . Impact . | . . . . . . Kinetic . | . . . . . . Secondary . | . . . . . . Self-Inflicted Damage 69 | . 42 21 . 6 . Shots 4 | . 2 2 . . . Rammed 6 | . . . . 2 4 Targets Rammed 8 | . . . . 4 4 Kicked 2 | . . . . 2 . Crushed . | . . . . . . Highest Temperature 646 | . 234 . . 646 162 Average Temperature 133 | . 70 . . 166 44 Received Heat Transfer 1706 | . 231 24 . 884 567 Effects 21 | . . . . 21 . Shutdowns 9 | . . . . 9 . Energy Bleed 1 | . . . . 1 . Interference 3 | . . . . 3 . Matter Decay 2 | . . . . 2 . Short Circuit 3 | . . . . 3 . Damage (minor) 2 | . . . . 2 . Damage (core) 1 | . . . . 1 . Siege Activations . | . . . . . . Martial Activations . | . . . . . . Shielding Activations . | . . . . . . Robots Disrupted . | . . . . . . Combat Hostiles . | . . . . . . Robots Corrupted 1 | . 1 . . . . Combat Hostiles 1 | . 1 . . . . Parts Fried 4 | . 3 1 . . . Impact Corruptions . | . . . . . . Robots Melted 5 | . . . . 4 1 Combat Hostiles 5 | . . . . 4 1 Parts Melted 31 | . . 1 . 23 7 Heat Transferred 8733 | . 50 150 . 6200 2333 Parts Sabotaged . | . . . . . . Parts Stolen . | . . . . . . Parts Stripped . | . . . . . . Power Chain Reactions 3 | . 2 1 . . . Alert | -11 -10 -10 -9 -6 -6 ------- Run | Yrd Mat Sub Scr Fac Ext Maximum Alert Level 1 | . 1 . . 1 1 Low Security (%) 81 | 100 98 . . 70 88 Level 1 18 | . 1 . . 29 11 Level 2 . | . . . . . . Level 3 . | . . . . . . Level 4 . | . . . . . . Level 5 . | . . . . . . High Security . | . . . . . . Max Security . | . . . . . . Peak Influence 388 | . 207 . . 388 264 Initial 181 | . . . . . 181 Average 126 | . 102 . . 143 117 Influence Increases 2031 | . 489 110 . 919 513 Destroy 0b10 Robot/C 1160 | . 300 80 . 480 300 Destroy 0b10 Robot/NC 90 | . 35 . . 55 . Destroy Leader 252 | . 86 . . 126 40 Allied During Kill 89 | . . . . . 89 Successful Hack 83 | . 5 . . 57 21 Disable Machine 120 | . 45 . . 75 . Destroy Structure 72 | . 18 . . 51 3 Partial Spotted 15 | . . . . 15 . Lose Combat Pursuer 150 | . . 30 . 60 60 Influence Decreases 2031 | . 403 196 . 548 884 Entered New Map 232 | . . 42 . . 190 Time Decay 1450 | . 383 124 . 469 474 Lost Part 220 | . 20 30 . 70 100 Lost Ally 120 | . . . . . 120 Purge Threat 9 | . . . . 9 . Squads Dispatched 19 | . 4 . . 10 5 Investigation 6 | . 2 . . 2 2 Extermination 4 | . . . . 4 . Reinforcement 9 | . 2 . . 4 3 Assault . | . . . . . . Garrison . | . . . . . . Intercept . | . . . . . . Searches Triggered . | . . . . . . Construction Impeded 3 | . . . . 1 2 Haulers Reinforced 1 | . . . . 1 . Active Scanning Responses . | . . . . . . Cargo Convoy Interrupts . | . . . . . . Stealth | -11 -10 -10 -9 -6 -6 --------- Run | Yrd Mat Sub Scr Fac Ext Distress Signals 5 | . . . . 1 4 Communications Jammed . | . . . . . . Distress Signals . | . . . . . . Times Spotted 95 | . 20 8 . 41 26 Peak Tracking Total 7 | . 5 6 . 4 7 Tactical Retreats 6 | . . 1 . 3 2 Traps | -11 -10 -10 -9 -6 -6 ------- Run | Yrd Mat Sub Scr Fac Ext Traps Triggered 7 | . 3 . . 1 3 Indirectly . | . . . . . . Trap Hack Attempts . | . . . . . . Triggered . | . . . . . . Disarmed . | . . . . . . Reprogrammed . | . . . . . . Reused . | . . . . . . Traps Extracted . | . . . . . . Installed . | . . . . . . Triggered . | . . . . . . Machines | -11 -10 -10 -9 -6 -6 ---------- Run | Yrd Mat Sub Scr Fac Ext Machines Disabled 10 | . 3 . . 5 2 Max in Single Turn 2 | . 1 . . 2 1 Machines Repaired . | . . . . . . Machines Dismantled . | . . . . . . Machines Sabotaged . | . . . . . . Overloaded Fab Kills . | . . . . . . Hacking | -11 -10 -10 -9 -6 -6 --------- Run | Yrd Mat Sub Scr Fac Ext Machines Accessed 30 | . 5 . 9 9 7 Terminals 15 | . 4 . . 4 7 Fabricators . | . . . . . . Repair Stations 4 | . 1 . . 3 . Recycling Units 1 | . . . . 1 . Scanalyzers 1 | . . . . 1 . Garrison Access . | . . . . . . Total Hacks 126 | . 15 . 63 38 10 Successful 90 | . 6 . 63 18 3 Failed 35 | . 9 . . 19 7 Catastrophic 13 | . 2 . . 4 7 Database Lockouts 1 | . . . . 1 . Manual 25 | . 9 . 3 11 2 Terminals 38 | . 13 . . 15 10 Fabricators . | . . . . . . Repair Stations 19 | . 2 . . 17 . Recycling Units 2 | . . . . 2 . Scanalyzers 4 | . . . . 4 . Garrison Access . | . . . . . . Terminal Hacks 73 | . 4 . 63 3 3 Record 64 | . . . 63 1 . Robot Analysis 1 | . 1 . . . . Open Door 3 | . . . . . 3 Unreport Threat 1 | . . . . 1 . Locate Traps 1 | . 1 . . . . Zone Layout 3 | . 2 . . 1 . Fabricator Hacks . | . . . . . . Repair Station Hacks 14 | . 2 . . 12 . Scan Component 8 | . 1 . . 7 . Repair 6 | . 1 . . 5 . Recycling Unit Hacks . | . . . . . . Scanalyzer 3 | . . . . 3 . Retrieve Study 3 | . . . . 3 . Garrison Access Hacks . | . . . . . . Unauthorized Hacks . | . . . . . . Terminals . | . . . . . . Fabricators . | . . . . . . Repair Stations . | . . . . . . Recycling Units . | . . . . . . Scanalyzers . | . . . . . . Garrison Access . | . . . . . . Data Cores Recovered . | . . . . . . Used . | . . . . . . Hacking Detections 18 | . 5 . . 8 5 Full Trace Events 6 | . 2 . . 2 2 Feedback Events . | . . . . . . Feedback Blocked . | . . . . . . Robot Schematics Acquired . | . . . . . . Robots Built . | . . . . . . Authchips . | . . . . . . Time . | . . . . . . Total Robot Build Rating . | . . . . . . Part Schematics Acquired . | . . . . . . Parts Built . | . . . . . . Authchips . | . . . . . . Time . | . . . . . . Total Part Build Rating . | . . . . . . Part Studies Acquired 3 | . . . . 3 . Parts Repaired 6 | . 1 . . 5 . Time 243 | . 26 . . 217 . Parts Recycled . | . . . . . . Recycled Matter . | . . . . . . Retrieved Matter . | . . . . . . Retrieved Components . | . . . . . . Parts Scanalyzed . | . . . . . . Part Schematics Acquired . | . . . . . . Parts Damaged . | . . . . . . Bothacking | -11 -10 -10 -9 -6 -6 ------------ Run | Yrd Mat Sub Scr Fac Ext Used RIF Installer . | . . . . . . Robots Hacked . | . . . . . . Non-combat . | . . . . . . Combat . | . . . . . . Robot Hacks Applied . | . . . . . . Relay Couplers Released . | . . . . . . Fabnet Peak Effective % . | . . . . . . Robots Rewired 3 | . . . . . 3 Allies Hacked . | . . . . . . Hacks Repelled . | . . . . . . Allies | -11 -10 -10 -9 -6 -6 -------- Run | Yrd Mat Sub Scr Fac Ext Total Allies 7 | . . . . . 7 Largest Group 6 | . . . . . 6 Highest-Rated Group 175 | . . . . . 175 Highest-Rated Ally 31 | . . . . . 31 Total Orders . | . . . . . . Ally Attacks 52 | . . . . . 52 Total Damage 877 | . . . . . 877 Kills 6 | . . . . . 6 Allies Corrupted . | . . . . . . Allies Melted 1 | . . . . . 1 Intel | -11 -10 -10 -9 -6 -6 ------- Run | Yrd Mat Sub Scr Fac Ext Active Infowar (turns) 5707 | . 909 942 2927 405 524 Sensors 5707 | . 909 942 2927 405 524 Robot Analysis Total 1 | . 1 . . . . Derelict Logs Recovered 4 | . . 2 2 . . Drone Launches . | . . . . . . Drone Recoveries . | . . . . . . Exploration | -11 -10 -10 -9 -6 -6 ------------- Run | Yrd Mat Sub Scr Fac Ext Turns Passed 10670 | 69 1045 942 4799 2602 1213 Spaces Moved 5094 | 36 478 409 2601 928 642 Core 5 | 2 . . . . 3 Treads 4652 | 34 478 409 2601 699 431 Legs 402 | . . . . 194 208 Wheels 14 | . . . . 14 . Hover 21 | . . . . 21 . Flight . | . . . . . . Fastest Speed 50 | 50 160 160 150 115 50 Average Speed 179 | 153 160 211 181 191 147 Slowest Speed 560 | 160 320 240 240 560 240 Overloaded Moves . | . . . . . . Propulsion Burnouts . | . . . . . . Robots Hopped . | . . . . . . Potential Cave-ins . | . . . . . . Cave-ins Triggered . | . . . . . . Exploration Rate (%) 46 | 3 79 27 95 21 51 Regions Visited 5 Branch Regions 3 Pre-discovered Areas 2 | . . 1 1 . . Known Exits Taken 2 | . . . 1 1 . Unknown Exits Taken 3 | 1 1 1 . . . Scrap Searched 14 | . . 6 8 . . Spaces Dug 9 | . . 9 . . . Terrain Destroyed 122 | . 17 48 . 54 3 Melee . | . . . . . . Projectile 33 | . . . . 30 3 AOE 89 | . 17 48 . 24 . Terrain Rammed . | . . . . . . Walls Destroyed . | . . . . . . Machines Disabled . | . . . . . . Actions | -11 -10 -10 -9 -6 -6 --------- Run | Yrd Mat Sub Scr Fac Ext Total 6264 | 47 649 464 2690 1564 850 Wait 580 | 3 89 7 22 420 39 Move 5089 | 35 477 408 2600 927 642 Hop . | . . . . . . Pick Up 72 | 1 8 14 22 19 8 Fast Attach 34 | 7 3 1 4 16 3 Attach 34 | . 4 4 5 16 5 Detach 9 | . 2 . 1 6 . Swap 44 | . 4 2 9 16 13 Drop 64 | 1 2 5 25 18 13 Fire 255 | . 60 23 . 122 50 Melee . | . . . . . . Ram 1 | . . . . 1 . Kick 2 | . . . . 2 . Crush 5 | . . . . 1 4 Escape Stasis 7 | . . . . . 7 Rewire 68 | . . . 2 . 66 Trap . | . . . . . . Miscellaneous . | . . . . . . Route ------- -11/Scrapyard -10/Materials (discovered 6 exits: [*Mat x3] / [*Min x2] / [*Sub]) -10/Subcaves -9/Scraptown (discovered 2 exits: *Fac x2) -6/Factory -6/Extension History --------- Turn | Location | Event 21 | -11/Scrapyard | Discovered new exit (range 16) 70 | -11/Scrapyard | Entered Materials 304 | -10/Materials | Build established: Mutant 353 | -10/Materials | Destroyed 8 combat bots 471 | -10/Materials | Discovered new exit (range 9) 645 | -10/Materials | Discovered new exit (range 19) 645 | -10/Materials | Discovered new exit (range 17) 789 | -10/Materials | Repaired Lgt. Treads 935 | -10/Materials | Discovered new exit (range 15) 1064 | -10/Materials | Discovered new exit (range 8) 1071 | -10/Materials | Discovered new exit (range 10) 1115 | -10/Materials | Entered Subcaves 1116 | -10/Subcaves | Approached by a straggling Scientist 1125 | -10/Subcaves | Learned location of Zion (-6) 1181 | -10/Subcaves | Lost 3 parts (1p2w) 1360 | -10/Subcaves | Shifting Twisted Machinery released Sub. Machine Gun 1420 | -10/Subcaves | Shifting Twisted Machinery released Sub. Optics 1861 | -10/Subcaves | Learned 2 Materials zone layouts 2057 | -10/Subcaves | Entered Scraptown 2098 | -9/Scraptown | Heard Great Nut preacher, LISTEN AND RECITE! 2231 | -9/Scraptown | Received an X-ray algorithm 3039 | -9/Scraptown | Scanned Subdweller tech in exchange for log data 3053 | -9/Scraptown | Learned location of Testing (-2) 3055 | -9/Scraptown | Learned Factory emergency access door positions 3116 | -9/Scraptown | Discovered new exit (range 5) 3347 | -9/Scraptown | Visited Bundlers 3488 | -9/Scraptown | Visited Red Mages 3852 | -9/Scraptown | Visited Shadow of the Wyrm 3892 | -9/Scraptown | Visited Fellowship of the Rings 3943 | -9/Scraptown | Visited Artisan Demo Area 4092 | -9/Scraptown | Visited UFD Registry 4095 | -9/Scraptown | Registered with UFD as "Flakhacker" 4231 | -9/Scraptown | Guru changed UFD alias to "Flakfunk" 4324 | -9/Scraptown | Visited TADAMA 4373 | -9/Scraptown | Visited Cyclists 4384 | -9/Scraptown | Entered Cyclist Reading Room 4396 | -9/Scraptown | Ran an X-ray algorithm 4712 | -9/Scraptown | Visited Chapter 10 4788 | -9/Scraptown | Visited Scrapoid Research Area 4904 | -9/Scraptown | Found Scrap Suit 4976 | -9/Scraptown | Discovered new exit (range 5) 4988 | -9/Scraptown | Identified exit to Factory 5465 | -9/Scraptown | Visited Modified Component R&D 5612 | -9/Scraptown | Visited Science Testing Area 5655 | -9/Scraptown | Visited DA-N13 Charitable Foundation 5679 | -9/Scraptown | Found DCF Scrap (31 items) 5731 | -9/Scraptown | Visited Abandonware Association 5752 | -9/Scraptown | Learned abandonware demo "REVENGE.EXE" 5752 | -9/Scraptown | Learned abandonware demo "TRNCOAT.EXE" 6126 | -9/Scraptown | Visited Junk Cannon Lab 6146 | -9/Scraptown | Found Prototype Special Weapon 6158 | -9/Scraptown | Identified Junk Cannon 6238 | -9/Scraptown | Visited LU-1G1's Boring Crew 6621 | -9/Scraptown | Met Optimus 6621 | -9/Scraptown | Accepted into 0bPrime 6856 | -9/Scraptown | Entered Factory 6856 | -6/Factory | Evolved 8 slots: Power x1, Propulsion x3, Utility x4 7351 | -6/Factory | Repaired Broken Ovr. Treads 7401 | -6/Factory | Repaired Imp. Medium Treads 7441 | -6/Factory | Repaired Hrd. Medium Armor Plating 7480 | -6/Factory | Repaired Reflective Plating 7520 | -6/Factory | Repaired Imp. Sensor Array 8240 | -6/Factory | Central database locked down 8523 | -6/Factory | Discovered new exit (range 13) 9365 | -6/Factory | Build established: Scavenger-Mutant 9457 | -6/Factory | Identified exit to Extension 9458 | -6/Factory | Entered Extension 9844 | -6/Extension | Rescued a captive Derelict 9932 | -6/Extension | Rescued a captive Derelict 10046 | -6/Extension | Rescued a captive Derelict 10048 | -6/Extension | Rescued a captive Derelict 10246 | -6/Extension | Spotted B-75 Beast 10302 | -6/Extension | Spotted B-75 Beast 10310 | -6/Extension | Lost 4 parts (1p2u1w) 10322 | -6/Extension | Core integrity fell below 50% 10670 | -6/Extension | Released all parts (7) 10671 | -6/Extension | Destroyed by Y-54 Guardian with Flak Gun Last Messages --------------- 10602_ System corrupted: Matter fused (-6). 10620_ System corrupted: Matter fused (-7). 10647_ : 8T/JN00X6#A/ZKWD3T&AE|H: >TGS:Z#4> 10650_ Force Field blasted off. 10652_ R-10 Processor collects Force Field. 10661_ Adv. Heat Sink destroyed. 10661_ Lgt. Treads destroyed. 10662_ 7UTEKYLK8VYINKBVO|M 10665_ Lgt. Treads destroyed. 10668_ Lgt. Angular Momentum Engine destroyed. 10668_ Fission Core destroyed. 10668_ A-15 Conveyor destroyed. 10670_ Released Adv. Heat Sink. 10670_ Released Phase Cannon+. 10670_ Released Imp. Medium Treads. 10670_ Released Adv. Signal Interpreter. 10670_ Released Thermal Shield. 10670_ Released Lrg. Storage Unit. 10670_ Released Phase Cannon+. 10671_ Knocked back. Map ----- +----------------------------------------------------+ | #####+##??# #???????????????????????? | | # * #??" "#####"" #???????????????????????? | | " %==##"" #??????# #???????????????????????? | | " !% "% % #??????# #???????????????????????? | | # = ""####??????# #???????????????????????? | | + = #???????????# #???????????????????????? | | ##### #???????????# #???????????????????????? | | ????########???????????# #???????????????????????? | | ???????????????????????" "???????????????????????? | | ???????????????????????" #???????????????????????? | | ?????????????????????##; #???????????????????????? | | ?????????????????????" #???????????????????????? | | ?????????????????????#T; #???????????????????????? | | ?????????????????????##;%#???????????????????????? | | ??????????????????????#;%#???????????????????????? | | ??????????????????????#;%#???????????????????????? | | ??????????????????????#; ##??????????????????????? | | ??????????????????????#;%;#??????????????????????? | | ??????????????????????#; ;#??????????????????????? | | ??????????????????????#; ;#?##?##????????????????? | | ?????????????????????##; ;##%## ### #????????????? | | ?????????????????????# % Y Y "" ""???????????? | | ?????????????????????# % " " #??????????? | | ?????????????????????# #??????????? | | ?????????????????????# ]% #??????????? | | ######################!!!@ #??????????? | | % % % ]!= % ????????? | | /// ]!! ????????? | | R% !/%/% [ ????????? | | !// BB BB ?????????? | | w R BB BB R R ?????????? | | ###################### R #??????????? | | ?????????????????????# #??????????? | | ?????????????????????# #??????????? | | ?????????????????????# ???????????? | | ?????????????????????# ???????????? | | ?????????????????????######T#"""#####????????????? | | ???????????????????????????##????????????????????? | | ?????????????????????????????????????????????????? | | | | | | | | | | | | | | | | | | | | | | | +----------------------------------------------------+ Best States ------------- Heat Dissipation 83 Energy Generation 31 Energy Capacity 510 Matter Stores 300 Matter Capacity 300 Sight Range 16 Robot Scan Range 15 Terrain Scan Density 10 Armor Coverage 375 Resistance: TH 20 Evasion (%) 55 Recoil Reduction 4 Particle Charging 20 Item Schematics ----------------- None Robot Schematics ------------------ None Fabricated ------------ Nothing Repaired ---------- Lgt. Treads | 38% | -10/Materials Ovr. Treads | 71% | -6/Factory | Broken Imp. Medium Treads | 42% | -6/Factory Hrd. Medium Armor Plating | 15% | -6/Factory Reflective Plating | 24% | -6/Factory Imp. Sensor Array | 68% | -6/Factory Studied --------- Hvy. Plasma Cannon | -6/Factory | Hacked Phase Cannon | -6/Factory | Hacked Med. Treads | -6/Factory | Hacked Alien Tech Used ----------------- None Achievements -------------- Bob, First Of His Name Civilization 2243 Link The Feds Longdome?! Challenges ------------ None Game ------ Seed SignalImprinterSegregator Manual? 0 Play Time 01:57:08 Cumulative 20.0 hours Start 2025.12.30 @ 18:47:15 End 2025.12.30 @ 20:58:20 Sessions 1 Manual Loads 0 Difficulty Rogue Special Mode None Game No. 17 Rogue 17 Adventurer 0 Explorer 0 Win Type - Total 0 Types 0/0/0/0/0/0/0/0/0/0 Lore% 19 Gallery% 20 Achievement% 18 Wizard Run 0 Options --------- Layout 1 ASCII 0 Keyboard 0 Movement Numpad Keybinds 0 Fullscreen 1 Font 24/Smallcaps Map View 50x40 Zoom Use 0% Tactical HUD 1 Map Filters NONE Filters NONE Steam 1 RUN: 510a1391-e780-4339-bf51-84eefe5d3f08